 Dungeon Sprint DCSS version 0.27-a0-1291-geefcff550b (webtiles) character file.

Game seed: 4394379219920888669

13313 mhtbhm the Severer (level 11, -1/112 HPs)
             Began as a Grey Draconian Berserker on June 16, 2021.
             Was the Champion of Trog.
             Killed by divine providence
             ... invoked by an orc high priest
              (12 damage)
             ... in the Dungeon (Sprint IX: "|||||||||||||||||||||||||||||").
             The game lasted 00:03:42 (1917 turns).

mhtbhm the Severer (Grey Draconian Berserker)       Turns: 1917, Time: 00:03:43

Health: -1/112     AC: 16    Str: 23    XL:     11   Next: 73%
Magic:  11/11      EV: 16    Int: 11    God:    Trog [******]
Gold:   1262       SH:  0    Dex: 12    Spells: 10/10 levels left

rFire    . . .     SeeInvis .   a - +3 executioner's axe "Arcanum" {vorpal, Dex+2}
rCold    . . .     Faith    .   (shield currently unavailable)
rNeg     . . .     Spirit   .   (armour unavailable)
rPois    .         Reflect  .   u - +0 hat {Will+}
rElec    .         Harm     .   k - +0 cloak
rCorr    .         Rampage  .   (no gloves)
Will     +....     NoTele   +   j - +0 pair of boots
Stlth    ++........             (no amulet)
HPRegen  0.28/turn              l - +2 ring of protection
MPRegen  0.12/turn              m - +3 ring of intelligence

@: on berserk cooldown, slowed, very slow
A: AC +12, amphibious, unfitting armour, cold-blooded
a: Renounce Religion, Berserk, Trog's Hand, Brothers in Arms


You were in the Dungeon.
You worshipped Trog.
Trog was exalted by your worship.
You visited 1 branch You collected 1262 gold pieces.

Inventory:

Hand Weapons
 a - the +3 executioner's axe "Arcanum" (weapon) {vorpal, Dex+2}
   (Trog gifted it to you in the Dungeon)

   It inflicts extra damage upon your enemies.
   It affects your dexterity (+2).
Armour
 j - a +0 pair of boots (worn)
 k - a +0 cloak (worn)
 u - a +0 hat of willpower (worn)
Jewellery
 l - a +2 ring of protection (left hand)
 m - a +3 ring of intelligence (right hand)
 o - an amulet of magic regeneration
Wands
 i - a wand of acid (10)
 p - a wand of digging (8)
Scrolls
 n - 2 scrolls of identify
 r - a scroll of fog
 s - 4 scrolls of enchant armour
 t - a scroll of fear
Potions
 b - 6 potions of curing
 c - a potion of invisibility
 d - a potion of haste
 e - 4 potions of magic
 f - 2 potions of berserk rage
 h - 5 potions of heal wounds
 q - a potion of mutation


   Skills:
 + Level 15.1 Fighting
 + Level 18.2(19.6) Axes
 + Level 13.3(17.2) Maces & Flails
 + Level 11.0 Dodging
 + Level 4.1 Stealth


You had 10 spell levels left.
You didn't know any spells.
Your spell library was empty.

Dungeon Overview and Level Annotations

Branches:
Dungeon (1/1)

Altars:
Cheibriados
Dithmenos
Elyvilon
Fedhas
Gozag
Hepliaklqana
Kikubaaqudgha
Makhleb
Nemelex Xobeh
Okawaru
Qazlal
Ru
Sif Muna
Trog
Uskayaw
Vehumet
Wu Jian
Xom
Yredelemnul
Zin
The Shining One
Beogh
Jiyva
Lugonu

Shops:
D !(


Innate Abilities, Weirdness & Mutations

Your dull iron-grey scales are very hard. (AC +12)
You are amphibious.
You cannot fit into any form of body armour.
You are cold-blooded and may be slowed by cold attacks.


Message History

The ice devil misses you.
The orc high priest hits you from afar with a +0 glaive!
* * * LOW HITPOINT WARNING * * *
The orc knight roars a battlecry!
The orcs go into a battle-frenzy!
You closely miss the ice devil.
Your tail-slap misses the ice devil.
The ice devil closely misses you.
Unknown command.
Unknown command.
You slice the ice devil!!
The ice devil is heavily wounded.
You are no longer berserk.
You are exhausted.
You feel yourself slow down.
An orc comes into view. It is wielding a +0 flail.
The orc high priest mumbles some strange prayers to Beogh.
Unknown command.
Blink to where?
Press: ? - help, Dir - move target
As you read the scroll of blinking, it crumbles to dust.
Your cyclops goes berserk!
Unknown command.
The ice devil hits your cyclops! The ice devil freezes your cyclops!!
The orc high priest utters an invocation to Beogh.
Your cyclops hits the ice devil!!!
The ice devil dies!
Your cyclops closely misses the orc high priest.
Unknown command.
Unknown command.
Unknown command.
The orc high priest hits your cyclops with a +0 glaive!
Your cyclops completely misses the orc high priest.
The orc high priest invokes the aid of Beogh against you.
Beogh smites you!
* * * LOW HITPOINT WARNING * * *
Your cyclops hits the orc high priest!!!
The orc high priest mumbles some strange prayers.
The orc high priest calls down the wrath of Beogh upon you.
Beogh smites you!
You die...

.[...)?.'________________________
▓▓▓▓▓▓▓▓▓▓▓▓▓▓▓▓▓▓▓▓▓▓▓▓▓▓▓▓▓▓▓▓▓
.................................
▓▓▓▓▓▓▓▓▓▓▓▓▓▓▓▓▓▓▓▓▓▓▓▓▓▓▓▓▓▓▓▓▓
.†....†)'.......†††).......÷')...
▓▓▓▓▓▓▓▓▓▓▓▓▓▓▓▓▓▓▓▓▓▓▓▓▓▓▓▓▓▓▓▓▓
..............†..................
▓▓▓▓▓▓▓▓▓▓▓▓▓▓▓▓▓▓▓▓▓▓▓▓▓▓▓▓▓▓▓▓▓
oo3ooo$))ooC....@..))))........))
▓▓▓▓▓▓▓▓▓▓▓▓▓▓▓▓▓▓▓▓▓▓▓▓▓▓▓▓▓▓▓▓▓


You could see an orc knight, an orc high priest (strong, ally target) and a
friendly cyclops (summoned, berserk).

Vanquished Creatures
  Gastronok (D)
  2 hydras (D)
  A centaur warrior (D)
  A death yak (D)
  An orc high priest (D)
  A deep elf pyromancer (D)
  2 orc sorcerers (D)
  2 orc knights (D)
  An elephant (D)
  2 cane toads (D)
  A gargoyle (D)
  A kobold demonologist (D)
  A komodo dragon (D)
  3 polar bears (D)
  A dream sheep (D)
  A wyvern (D)
  A yak (D)
  A basilisk (D)
  An acid dragon (D)
  2 water moccasins (D)
  10 orc warriors (D)
  5 black bears (D)
  An ogre (D)
  2 wolves (D)
  A centaur (shapeshifter) (D)
  3 bullfrogs (D)
  A gnoll sergeant (D)
  A hound (D)
  2 orc priests (D)
  An iguana (D)
  2 orc wizards (D)
  2 dart slugs (D)
  5 orcs (D)
  An endoplasm (D)
  A hobgoblin (D)
  A kobold (D)
  A ball python zombie (D)
  A frilled lizard (D)
  A giant cockroach zombie (D)
  A goblin (D)
70 creatures vanquished.

Vanquished Creatures (collateral kills)
  A hydra (D)
  An orc knight (D)
  A kobold demonologist (D)
  4 orc warriors (D)
  An orc wizard (D)
  An orc (D)
9 creatures vanquished.

Grand Total: 79 creatures vanquished

Notes
Turn   | Place    | Note
-------+----------+-------------------------------------------
     0 | D        | mhtbhm the Draconian Berserker began the quest for the Orb.
     0 | D        | Reached XP level 1. HP: 19/19 MP: 1/1
     9 | D        | Reached ** piety under Trog
    67 | D        | Noticed an iguana
    67 | D        | Noticed an ogre
    67 | D        | Noticed a hound
    72 | D        | Reached XP level 2. HP: 27/27 MP: 2/2
    76 | D        | Reached *** piety under Trog
    77 | D        | Reached skill level 5 in Fighting
    77 | D        | Reached skill level 5 in Maces & Flails
    77 | D        | Reached XP level 3. HP: 36/36 MP: 3/3
    79 | D        | Killed an ogre
    80 | D        | Reached skill level 5 in Dodging
    80 | D        | Reached XP level 4. HP: 42/44 MP: 4/4
    91 | D        | Reached XP level 5. HP: 31/51 MP: 5/5
   198 | D        | Found a snail-covered altar of Cheibriados.
   198 | D        | Found a shadowy altar of Dithmenos.
   198 | D        | Found a white marble altar of Elyvilon.
   198 | D        | Found a blossoming altar of Fedhas.
   198 | D        | Found an opulent altar of Gozag.
   199 | D        | Found a hazy altar of Hepliaklqana.
   200 | D        | Found a viscous altar of Jiyva.
   201 | D        | Found an ancient bone altar of Kikubaaqudgha.
   202 | D        | Found a corrupted altar of Lugonu.
   203 | D        | Found a burning altar of Makhleb.
   204 | D        | Found a sparkling altar of Nemelex Xobeh.
   205 | D        | Found an iron altar of Okawaru.
   206 | D        | Found a stormy altar of Qazlal.
   207 | D        | Found a sacrificial altar of Ru.
   208 | D        | Found a shimmering blue altar of Sif Muna.
   209 | D        | Found a bloodstained altar of Trog.
   210 | D        | Found a hide-covered altar of Uskayaw.
   211 | D        | Found a radiant altar of Vehumet.
   212 | D        | Found an ornate altar of the Wu Jian Council.
   213 | D        | Found a shimmering altar of Xom.
   214 | D        | Found a basalt altar of Yredelemnul.
   215 | D        | Found a glowing silver altar of Zin.
   216 | D        | Found a glowing golden altar of the Shining One.
   259 | D        | Noticed a gargoyle
   259 | D        | Noticed an acid dragon
   259 | D        | Noticed a kobold demonologist
   261 | D        | Noticed a red devil
   266 | D        | Killed a kobold demonologist
   266 | D        | Reached **** piety under Trog
   267 | D        | Reached skill level 3 in Axes
   267 | D        | Reached skill level 10 in Maces & Flails
   267 | D        | Reached XP level 6. HP: 62/62 MP: 6/6
   269 | D        | Killed an acid dragon
   270 | D        | Your scales start taking on a dull iron-grey colour.
   270 | D        | Reached XP level 7. HP: 60/70 MP: 7/7
   274 | D        | Reached skill level 4 in Axes
   279 | D        | Killed a gargoyle
   280 | D        | Reached skill level 5 in Axes
   283 | D        | Reached ***** piety under Trog
   439 | D        | Noticed a kobold demonologist
   439 | D        | Noticed an eight-headed hydra
   439 | D        | Noticed a centaur warrior
   439 | D        | Noticed a deep elf pyromancer
   442 | D        | Killed a deep elf pyromancer
   443 | D        | Reached skill level 10 in Fighting
   443 | D        | Reached skill level 7 in Axes
   443 | D        | Reached XP level 8. HP: 80/80 MP: 8/8
   445 | D        | Noticed a soul eater
   451 | D        | Killed a centaur warrior
   452 | D        | Reached skill level 8 in Axes
   452 | D        | Reached skill level 1 in Stealth
   525 | D        | Received a gift from Trog
   526 | D        | Reached skill level 9 in Axes
   526 | D        | Reached XP level 9. HP: 89/89 MP: 9/9
   533 | D        | Killed an eight-headed hydra
   533 | D        | Killed a kobold demonologist
   534 | D        | Reached skill level 10 in Axes
   730 | D        | Noticed a cane toad
   730 | D        | Noticed a cane toad
   738 | D        | Killed a cane toad
   739 | D        | Reached skill level 11 in Axes
   747 | D        | Killed a cane toad
   747 | D        | Received a gift from Trog
   753 | D        | Noticed a komodo dragon
   754 | D        | Reached skill level 12 in Axes
   754 | D        | Reached XP level 10. HP: 98/99 MP: 10/10
  1003 | D        | Noticed a death yak
  1003 | D        | Noticed an elephant
  1003 | D        | Noticed a four-headed hydra
  1006 | D        | Noticed a five-headed hydra
  1012 | D        | Killed a nine-headed hydra
  1013 | D        | Reached skill level 13 in Axes
  1016 | D        | Reached ****** piety under Trog
  1074 | D        | Killed an elephant
  1083 | D        | Killed a death yak
  1083 | D        | Identified the +3 executioner's axe "Arcanum" {vorpal,
                  | Dex+2} (Trog gifted it to you in the Dungeon)
  1083 | D        | Received a gift from Trog
  1084 | D        | Reached skill level 14 in Axes
  1086 | D        | Killed an eight-headed hydra
  1087 | D        | Reached skill level 10 in Dodging
  1158 | D        | Reached skill level 15 in Axes
  1170 | D        | Received a gift from Trog
  1171 | D        | Reached XP level 11. HP: 108/108 MP: 11/11
  1240 | D        | Noticed Gastronok
  1251 | D        | Killed Gastronok
  1252 | D        | Reached skill level 16 in Axes
  1349 | D        | Received a gift from Trog
  1364 | D        | Identified the +5 dire flail "Meuwu" {vorpal, Str+4 Dex+2
                  | SInv} (Trog gifted it to you in the Dungeon)
  1364 | D        | Received a gift from Trog
  1502 | D        | Noticed an orc knight
  1512 | D        | Received a gift from Trog
  1513 | D        | Reached skill level 17 in Axes
  1516 | D        | Noticed an orc knight
  1521 | D        | Killed an orc knight
  1531 | D        | Killed an orc knight
  1883 | D        | Found Jimec's Weapon Boutique.
  1883 | D        | Noticed an orc knight
  1883 | D        | Noticed an orc high priest
  1883 | D        | Noticed an orc sorcerer
  1883 | D        | Noticed an orc sorcerer
  1884 | D        | Noticed an orc high priest
  1888 | D        | Killed an orc sorcerer
  1888 | D        | Received a gift from Trog
  1891 | D        | Killed an orc sorcerer
  1892 | D        | Found Vid Kis's Distillery.
  1892 | D        | Noticed an orc knight
  1894 | D        | Noticed an orc sorcerer
  1896 | D        | Killed an orc high priest
  1897 | D        | Reached skill level 15 in Fighting
  1897 | D        | Reached skill level 18 in Axes
  1905 | D        | Noticed a sun demon
  1905 | D        | Killed an orc knight
  1908 | D        | Noticed an orc knight
  1917 | D        | Killed from afar by an orc high priest

Illustrated notes

Levels and vault maps discovered:
D:        linesprint [early_d, line_temple, items_1, d_10, items_2, lair_1,
          lair_end, items_3, orc_1, orc_end, items_4, d_15, swamp_1, shoals_1,
          snake_1, spider_1, d_20, vaults_1, items_5, swamp_end, shoals_end,
          snake_end, spider_end, vaults_end, d_27, items_6, zot_1, zot_end,
          crypt_end, forest_end, elf_end, slime_end, tomb_end, abyss_end,
          pan_hell_end]

Skill      XL: |  1  2  3  4  5  6  7  8  9 10 11 |
---------------+----------------------------------+-----
Dodging        | 3 4 5 6 7 8 9 10 11 | 11.0
Fighting       | 4 5 6 8 9 10 11 12 13 15 | 15.1
Maces & Flails | 5 7 10 12 13 | 13.3
Axes           | 3 7 9 12 15 18 | 18.2
Stealth        | 1 2 3 4 |  4.1

Action                   |  1- 3 |  4- 6 |  7- 9 | 10-12 || total
-------------------------+-------+-------+-------+-------++-------
Melee: Mace              |    16 |     9 |       |       ||    25
       Tailslap          |     1 |     4 |     8 |    24 ||    37
       Broad axe         |       |     8 |    53 |    31 ||    92
       Executioner's axe |       |       |       |    98 ||    98
Invok: Berserk           |     2 |     1 |     2 |     8 ||    13
       Brothers in Arms  |       |       |     1 |     2 ||     3
  Use: Potion            |       |     1 |       |     1 ||     2
       Scroll            |       |       |     1 |     1 ||     2
Armor: Skin              |     1 |     2 |    18 |    43 ||    64
Dodge: Dodged            |     6 |    13 |    33 |    63 ||   115

Table legend: (Time is in decaauts)
 A = Elapsed time spent in this place.
 B = Non-inter-level travel time spent in this place.
 C = Inter-level travel time spent in this place.
 D = Time resting spent in this place.
 E = Time spent auto-exploring this place.
 F = Levels seen in this place.
 G = Mean time per level.
                   A        B        C        D        E       F      G
               +--------+--------+--------+--------+--------+-----+--------+
         Total |   2007 |   2007 |      0 |   1262 |    213 |   1 | 2007.0 |
       Dungeon |   2007 |   2007 |      0 |   1262 |    213 |   1 | 2007.0 |
               +--------+--------+--------+--------+--------+-----+--------+

Top non-repeatable levels by time:
       D: 2007 daAuts
